 Dungeon Crawl Stone Soup version 0.30-a0-691-g754fce4c43 (webtiles) character file.

Game seed: 4906180427154126370

541 bmack86 the Chopper (level 7, -2/61 HPs)
             Began as a Minotaur Fighter on Jan 20, 2023.
             Slain by an iguana (7 damage)
             ... on level 5 of the Dungeon.
             The game lasted 00:08:55 (2708 turns).

bmack86 the Chopper (Minotaur Fighter)              Turns: 2708, Time: 00:08:55

Health: -2/61      AC: 13    Str: 23    XL:     7   Next: 5%
Magic:  6/6        EV:  7    Int: 11    God:
Gold:   220        SH:  5    Dex:  9    Spells: 6/6 levels left

rFire   . . .      SeeInvis .    l - +3 broad axe (heavy)
rCold   . . .      Faith    .    c - +1 buckler
rNeg    . . .      Spirit   .    j - +0 chain mail
rPois   .          Reflect  .    (helmet restricted)
rElec   .          Harm     .    (no cloak)
rCorr   .          Rampage  .    (no gloves)
Will    .....                    t - +2 pair of boots Stlth
                                 (no amulet)
HPRegen 0.30/turn                n - +6 ring of intelligence
MPRegen 0.10/turn                (no ring)

@: weakened
A: horns 2, retaliatory headbutt
a: no special abilities


You were on level 5 of the Dungeon.
You visited 1 branch of the dungeon, and saw 5 of its levels.

You collected 220 gold pieces.

Inventory:

Hand Weapons
 a - a +0 war axe
 l - a +3 heavy broad axe (weapon)
Missiles
 o - 4 poisoned darts (quivered)
 q - a throwing net
Armour
 c - a +1 buckler (worn)
 j - a +0 chain mail (worn)
 t - a +2 pair of boots (worn)
Jewellery
 n - a +6 ring of intelligence (left hand)
Scrolls
 f - a scroll of noise
 g - 2 scrolls of teleportation
 h - a scroll of poison
 m - 2 scrolls of enchant armour
Potions
 b - 4 potions of curing
 d - a potion of might
 e - a potion of magic {unknown}
 i - 2 potions of attraction {unknown}
 p - a potion of heal wounds {unknown}
 r - a potion of brilliance {unknown}
 s - a potion of haste {unknown}


   Skills:
 + Level 5.2 Fighting
 * Level 5.8 Axes
 + Level 2.3 Throwing
 + Level 5.2 Armour
 + Level 5.2 Shields


You had 6 spell levels left.
You didn't know any spells.
Your spell library contained the following spells:

 Spells                   Type           Power      Damage    Failure   Level
 Summon Small Mammal      Summ           0%         N/A       97%         1
 Call Canine Familiar     Summ           0%         N/A       100%        3
 Summon Guardian Golem    Hex/Summ       0%         N/A       100%        3


Dungeon Overview and Level Annotations

Branches:
Dungeon (5/15)
 Temple: D:4-7

Altars:
Elyvilon
Fedhas
Hepliaklqana
Xom

Shops:
D:3 :

Annotations:
D:4 1 runed translucent door, Crazy Yiuf


Innate Abilities, Weirdness & Mutations

You have a pair of horns on your head.
You reflexively headbutt those who attack you in melee.


Message History

You struggle against the net.
The iguana bites you but does no damage.
The gnoll barely misses you. You furiously retaliate!
You headbutt the gnoll, but do no damage.
The gnoll hits you from afar with a +0 halberd!
You struggle against the net.
The iguana barely misses you. The gnoll hits you with a +0 whip.
The gnoll barely misses you.
A gnoll comes into view. It is wielding a +0 whip.
You struggle against the net.
The gnoll shouts!
The gnoll hits you but does no damage.
The iguana bites you but does no damage.
The gnoll hits you from afar with a +0 halberd!
You struggle against the net.
A gnoll bouda comes into view. It is wielding a +0 whip.
The gnoll hits you with a +0 whip.
The gnoll hits you from afar with a +0 halberd.
The iguana barely misses you. You furiously retaliate!
You headbutt the iguana. You shred the net and break free!
The gnoll bouda shouts!
You block the gnoll's attack.
The gnoll hits you from afar with a +0 halberd.
The iguana bites you but does no damage.
You barely miss the iguana.
The iguana is moderately wounded.
You slice the gnoll!!
You kill the gnoll!
The gnoll completely misses you. The iguana bites you!
The gnoll bouda gazes fiercely through you!
You feel your attacks grow feeble. You block the iguana's attack.
You closely miss the gnoll. You barely miss the iguana.
You hear the slow rusting of a very distant drain.
A gnoll comes into view. It is wielding a +0 flail.
The gnoll hits you with a +0 whip.
* * * LOW HITPOINT WARNING * * *
The iguana bites you!
* * * LOW HITPOINT WARNING * * *
The gnoll hits you but does no damage. The iguana bites you!
You die...

............
.....#######.... ..
.....#.....#..<######.##
.....#...$.#....#......#
.....+.._$$#............
.....#.....#.........#..
.....#.....#......#.....
.....#######.........##.
#..l@g....#..........
##.......##.........#
##.gg....#.........#
#!......#..........
#g.................
...........#......).
..#........###..)....
###.#.........##.#>..
.......#.....


You could see a gnoll bouda, an iguana and 3 gnolls.

Vanquished Creatures
  A water moccasin (D:5)
  An ogre (D:5)
  A scorpion (D:4)
  A hound (D:5)
  Jessica (D:3)
  An orc wizard (D:3)
  A gnoll (D:5)
  9 adders
  3 worms
  3 dart slugs (D:3)
  5 orcs
  8 ball pythons
  7 bats
  7 endoplasms
  2 giant cockroaches
  13 goblins
  11 hobgoblins
  2 jackals (D:2)
  11 kobolds
  2 quokkas (D:4)
  4 frilled lizards
  8 rats
  A spectral orc (D:4)
103 creatures vanquished.

Vanquished Creatures (others)
  An iguana (D:4)
  An adder (D:4)
  A worm (D:4)
  An endoplasm (D:4)
4 creatures vanquished.

Grand Total: 107 creatures vanquished

Notes
Turn   | Place    | Note
-------+----------+-------------------------------------------
     0 | D:1      | bmack86 the Minotaur Fighter began the quest for the Orb.
     0 | D:1      | Reached XP level 1. HP: 19/19 MP: 0/0
    97 | D:1      | Found a faded altar of an unknown god.
   114 | D:1      | Reached XP level 2. HP: 27/27 MP: 1/1
   807 | D:2      | Reached XP level 3. HP: 31/33 MP: 2/2
  1287 | D:3      | Noticed Jessica
  1296 | D:3      | Killed Jessica
  1297 | D:3      | Reached XP level 4. HP: 32/40 MP: 3/3
  1328 | D:3      | Found Daucuih's Book Boutique.
  1408 | D:3      | Reached skill level 1 in Throwing
  1457 | D:3      | Reached XP level 5. HP: 45/47 MP: 4/4
  1822 | D:4      | Identified a scroll of acquirement
  1822 | D:4      | Acquired a +3 heavy broad axe
  1908 | D:4      | Found a hazy altar of Hepliaklqana.
  1947 | D:4      | Found a shimmering altar of Xom.
  2032 | D:4      | Reached XP level 6. HP: 38/55 MP: 5/5
  2095 | D:4      | Reached skill level 5 in Axes
  2211 | D:4      | Found a runed translucent door.
  2212 | D:4      | Noticed Crazy Yiuf
  2616 | D:5      | Entered Level 5 of the Dungeon
  2631 | D:5      | Found a blossoming altar of Fedhas.
  2660 | D:5      | Noticed a water moccasin
  2668 | D:5      | Killed a water moccasin
  2669 | D:5      | Reached skill level 5 in Fighting
  2669 | D:5      | Reached skill level 5 in Armour
  2669 | D:5      | Reached skill level 5 in Shields
  2678 | D:5      | Reached XP level 7. HP: 59/61 MP: 6/6
  2690 | D:5      | Found a white marble altar of Elyvilon.
  2708 | D:5      | Slain by an iguana

Illustrated notes

Levels and vault maps discovered:
D:1:      lemuel_arrival_cross, layout_basic,
          ebering_ecumenical_altar_sacrificial, minmay_misc_feat_iff,
          hangedman_decor_points
D:2:      layout_basic, due_unseen_surprise
D:3:      minmay_general_purpose_star, layout_basic, serial_shops,
          nicolae_shop_statue_plus, uniq_jessica
D:4:      layout_basic, nicolae_hepliaklqana_monster_ancestors,
          xom_confusion_cloud, saegor_snake_ambush, uniq_crazy_yiuf_cottage
D:5:      layout_cave_pools, mainiacjoe_overflow_small_starburst,
          amcnicky_altar_gilded, portal_sewer_entry_f, uniq_menkaure

Skill      XL: |  1  2  3  4  5  6 |
---------------+-------------------+-----
Axes           | 3 4 5 |  5.8
Fighting       | 4 5 |  5.2
Armour         | 4 5 |  5.2
Shields        | 4 5 |  5.2
Throwing       | 1 2 |  2.3

Action                   |  1- 3 |  4- 6 |  7- 9 || total
-------------------------+-------+-------+-------++-------
Melee: War axe           |    70 |    41 |       ||   111
       Headbutt          |     6 |    12 |       ||    18
       Broad axe         |       |    52 |     3 ||    55
  Use: Scroll            |       |    11 |       ||    11
Armor: Scale mail        |    24 |       |       ||    24
       Chain mail        |    36 |    82 |     6 ||   124
Dodge: Dodged            |    36 |    53 |     5 ||    94
Block: Buckler           |    20 |    39 |     2 ||    61

Table legend: (Time is in decaauts)
 A = Elapsed time spent in this place.
 B = Non-inter-level travel time spent in this place.
 C = Inter-level travel time spent in this place.
 D = Time resting spent in this place.
 E = Time spent auto-exploring this place.
 F = Levels seen in this place.
 G = Mean time per level.
                   A        B        C        D        E       F      G
               +--------+--------+--------+--------+--------+-----+--------+
         Total |   2826 |   2715 |    111 |      0 |   1617 |   5 |  565.2 |
       Dungeon |   2826 |   2715 |    111 |      0 |   1617 |   5 |  565.2 |
               +--------+--------+--------+--------+--------+-----+--------+

Top non-repeatable levels by time:
     D:4: 886 daAuts
     D:1: 747 daAuts
     D:3: 577 daAuts
     D:2: 514 daAuts
     D:5: 100 daAuts
